cohdb
Replays
Latest Replays
All Replays
Popular Replays
Top Player Replays
Match Explorer
How It Works
Community
CoH3 Stats
Reddit
Sign in to upload your games and track your stats! →
Sign in with Steam
Match 28017844
Unlisted
Match 28017844
Overview
Messages
Build Orders
End
Kettenkrad Recon Vehicle
Construct Infanterie Kompanie
MG 42 Machine Gun Team
Grenadier Squad
Construct Panzergrenadier Kompanie
Panzergrenadier Squad
Panzergrenadier Officer Quarters
Selects Luftwaffe Battlegroup
Selects Luftwaffe Pioneer Support
Selects LG40 Recoilless Gun Paradrop
Panzergrenadier Squad
LG40 Recoilless Gun Paradrop
Panzergrenadier Squad
LG40 Recoilless Gun Paradrop
Construct Panzer Kompanie
Sturmpanzer IV Brummbär
^3
DIV 250 BigBoss
粒粒酱
Leslie
0
0
Comments
sign in to comment!
No comments posted yet!